 Dungeon Crawl Stone Soup version 0.30-a0-605-gb2882149bf (webtiles) character file.

Game seed: 3523054061405830484

5 OTABOTABOTAB the Insei (level 1, -6/13 HPs)
             Began as an Octopode Transmuter on Jan 7, 2023.
             Mangled by an iguana (9 damage)
             ... on level 2 of the Dungeon.
             The game lasted 00:01:29 (938 turns).

OTABOTABOTAB the Insei (Octopode Transmuter)         Turns: 938, Time: 00:01:30

Health: -6/13      AC:  1    Str:  9    XL:     1   Next: 80%
Magic:  2/3        EV: 13    Int: 15    God:
Gold:   69         SH:  0    Dex: 12    Spells: 3/4 levels left

rFire   . . .      SeeInvis .      - Unarmed
rCold   . . .      Faith    .    (no shield)
rNeg    . . .      Spirit   .    (helmet currently unavailable)
rPois   .          Reflect  .    (no amulet)
rElec   .          Harm     .    (no ring)
rCorr   .          Rampage  .    (no ring)
Will    .....                    (no ring)
Stlth   ++                       (no ring)
HPRegen 0.22/turn                (no ring)
MPRegen 0.08/turn                (no ring)
                                 (no ring)
                                 (no ring)

@: appendages (expiring)
A: tentacle spike 3, almost no armour, amphibious, 8 rings, camouflage 1,
gelatinous body 1, (nimble swimmer 1), tentacles
a: End Transformation


You were on level 2 of the Dungeon.
One of your tentacles had grown a beastly spike.
You visited 1 branch of the dungeon, and saw 2 of its levels.

You collected 69 gold pieces.

Inventory:

Scrolls
 d - 2 scrolls of identify {unknown}
 e - a scroll of noise {unknown}
 g - a scroll of teleportation {unknown}
Potions
 a - a potion of lignification {!q}
 b - a potion of brilliance {unknown}
 c - a potion of attraction {unknown}
 f - a potion of curing {unknown}


   Skills:
 - Level 1.0 Fighting
 - Level 2.0 Dodging
 + Level 3.1 Unarmed Combat
 - Level 2.0 Spellcasting
 + Level 2.1 Transmutations
 + Level 0.6 Poison Magic


You had 3 spell levels left.
You knew the following spells:

 Your Spells              Type           Power      Damage    Failure   Level
e - Beastly Appendage     Tmut           16%        N/A       9%          1

Your spell library contained the following spells:

 Spells                   Type           Power      Damage    Failure   Level
 Wereblood                Tmut           8%         N/A       14%         2
 Spider Form              Tmut/Pois      5%         N/A       36%         3
 Ice Form                 Ice/Tmut       4%         N/A       80%         4


Dungeon Overview and Level Annotations

Branches:
Dungeon (2/15)

Altars:


Innate Abilities, Weirdness & Mutations

One of your tentacles has grown a beastly spike.
You cannot wear most types of armour.
You are amphibious.
You can wear up to eight rings at the same time.
Your skin changes colour to match your surroundings (Stealth+).
Your rubbery body absorbs attacks. (AC +1, EV +1)
((You are camouflaged when in or above water. (Stealth+)))
You have tentacles for arms and can constrict up to eight enemies at once.


Message History

The frilled lizard bites you.
You take 2 damage, and have 11/13 hp.
You barely miss the frilled lizard. You constrict the frilled lizard.
You kill the frilled lizard!
No target in view!
No target in view!
Found a stone staircase leading down.
Health restored: 13 No target in view!
No target in view!
No target in view!
You now have 52 gold pieces (gained 14).
You now have 62 gold pieces (gained 10).
e - a scroll labelled QESIOKH ORHA
f - a bubbling emerald potion You now have 69 gold pieces (gained 7).
You open the door.
There is a stone staircase leading down here.
A kobold comes into view. It is wielding a +0 short sword.
A kobold is nearby!
Unknown command.
The helpless kobold fails to defend itself.
You tentacle-slap the kobold. Your grab misses the kobold.
The kobold hits you with a +0 short sword.
You take 5 damage, and have 8/13 hp.
MASSIVE DAMAGE!!
You are too injured to fight recklessly!
You are too injured to fight recklessly!
You tentacle-slap the kobold.
You kill the kobold!
Things that are here:
a +0 short sword; a stone You open the door.
There is an open door here.
You enter the shallow water.
You enter the shallow water.
You enter the deep water.
You open the door.
Done exploring.
Health restored: 13 Done exploring.
(D) Dungeon
Where to? (? - help)
There is an open door here.
There is a stone staircase leading down here.
You climb downwards.
There is a stone staircase leading up here.
A goblin comes into view. It is wielding a +0 dagger.
The goblin shouts!
You tentacle-slap the goblin but do no damage.
You grab the goblin. You constrict the goblin. The goblin misses you.
You tentacle-slap the goblin.
You kill the goblin!
No target in view!
g - a scroll labelled QUW HUPPATYAM A kobold comes into view.
It is wielding a +0 short sword.
The kobold shouts!
The kobold hits you with a +0 short sword.
You take 5 damage, and have 8/13 hp.
MASSIVE DAMAGE!!
You tentacle-slap the kobold but do no damage.
You grab the kobold.
You tentacle-slap the kobold, but do no damage.
You constrict the kobold, but do no damage.
The kobold misses you.
You barely miss the kobold. You constrict the kobold.
You tentacle-slap the kobold.
You kill the kobold!
Things that are here:
a +0 short sword; 5 stones; a kobold corpse You see here a +0 club.
An iguana comes into view.
Health restored: 13 Unknown command.
You don't know that spell.
You don't know that spell.
Okay, then.
Unknown command.
One of your tentacles grows a vicious spike.
You now have 2/3 mp.
You tentacle-slap the iguana but do no damage.
You grab the iguana.
You pierce the iguana, but do no damage.
You constrict the iguana, but do no damage.
The iguana bites you.
You take 1 damage, and have 12/13 hp.
You tentacle-slap the iguana but do no damage.
You pierce the iguana.
Your transformation is almost over.
You constrict the iguana, but do no damage.
The iguana bites you!
Ouch! That really hurt!
* * * LOW HITPOINT WARNING * * *
You take 9 damage, and have 3/13 hp.
MASSIVE DAMAGE!!
You tentacle-slap the iguana.
You constrict the iguana, but do no damage.
The iguana bites you!
Ouch! That really hurt!
You die...

#.. ... #############..
.). #...)..)....#.. ....
#.##........... .....
#.##........... .....#
#.##........... ....#
#.##...........
#####.l###.#########+#+#
.......@...#
..........##
...).............
..........######.
##.#####..# # #... #....
#..... #....


You could see an iguana.

Vanquished Creatures
  A goblin (D:2)
  A quokka (D:1)
  2 frilled lizards (D:1)
  2 kobolds
6 creatures vanquished.

Notes
Turn   | Place    | Note
-------+----------+-------------------------------------------
     0 | D:1      | OTABOTABOTAB the Octopode Transmuter began the quest for
                  | the Orb.
     0 | D:1      | Reached XP level 1. HP: 13/13 MP: 3/3
   927 | D:2      | Noticed an iguana
   937 | D:2      | HP: 3/13 [iguana (10)]
   938 | D:2      | Mangled by an iguana

Illustrated notes

Levels and vault maps discovered:
D:1:      psy_arrival_wood_between_worlds, layout_basic,
          minmay_misc_feat_more_columns, minmay_misc_feat_encased,
          chequers_serial_rivers_small_b
D:2:      layout_basic

Action                   || total
-------------------------++-------
Melee: Unarmed           ||    16
       Constrict         ||     6
       Kick              ||     2
       Punch             ||     1
 Cast: Beastly Appendage ||     1
 Stab: Sleeping          ||     2
Dodge: Dodged            ||     4

Table legend: (Time is in decaauts)
 A = Elapsed time spent in this place.
 B = Non-inter-level travel time spent in this place.
 C = Inter-level travel time spent in this place.
 D = Time resting spent in this place.
 E = Time spent auto-exploring this place.
 F = Levels seen in this place.
 G = Mean time per level.
                   A        B        C        D        E       F      G
               +--------+--------+--------+--------+--------+-----+--------+
         Total |    937 |    898 |     39 |      0 |    825 |   2 |  468.5 |
       Dungeon |    937 |    898 |     39 |      0 |    825 |   2 |  468.5 |
               +--------+--------+--------+--------+--------+-----+--------+

Top non-repeatable levels by time:
     D:1: 877 daAuts
     D:2: 59 daAuts

Table legend:
 A = Kills in this place as a percentage of kills in entire the game.
 B = Kills by you in this place as a percentage of kills by you in the entire game.
 C = Kills by friends in this place as a percentage of kills by friends in the entire game.
 D = Other kills in this place as a percentage of other kills in the entire game.
 E = Experience gained in this place as a percentage of experience gained in the entire game.
 F = Experience gained in this place divided by the number of levels of this place that you have seen.
                   A       B       C       D       E      F
               +-------+-------+-------+-------+-------+----------------------
         Total | 100.0 | 100.0 |   N/A |   N/A | 100.0 |   4.0
       Dungeon | 100.0 | 100.0 |   N/A |   N/A | 100.0 |   4.0
               +-------+-------+-------+-------+-------+----------------------
